 Dungeon Crawl Stone Soup version 0.25.0-9-g26727b657a (webtiles) character file.

Game seed: 6706384128456554749

202 Edwards80 the Cudgeler (level 5, -3/45 HPs)
             Began as a Minotaur Fighter on June 16, 2020.
             Slain by an orc priest
             ... wielding a +0 hand axe
              (5 damage)
             ... on level 3 of the Dungeon.
             The game lasted 00:05:18 (2141 turns).

Edwards80 the Cudgeler (Minotaur Fighter)           Turns: 2141, Time: 00:05:18

Health: -3/45      AC:  6    Str: 22    XL:     5   Next: 50%
Magic:  4/4        EV:  7    Int:  5    God:
Gold:   139        SH:  9    Dex:  9    Spells: 4/4 levels left

rFire    . . .     SeeInvis .   a - +0 flail
rCold    . . .     Gourm    .   c - +0 kite shield
rNeg     . . .     Faith    .   b - +0 scale mail
rPois    .         Spirit   .   (helmet restricted)
rElec    .         Reflect  .   (no cloak)
rCorr    .         Harm     .   (no gloves)
MR       .....                  (no boots)
Stlth    ..........             (no amulet)
HPRegen  0.15/turn              (no ring)
MPRegen  0.09/turn              (no ring)

@: no status effects
A: retaliatory headbutt, horns 2
a: no special abilities


You were on level 3 of the Dungeon.
You were not hungry.

You visited 1 branch of the dungeon, and saw 3 of its levels.

You collected 139 gold pieces.

Inventory:

Hand Weapons
 a - a +0 flail (weapon)
Armour
 b - a +0 scale mail (worn)
 c - a +0 kite shield (worn)
Scrolls
 e - a scroll of magic mapping {unknown}
 i - 3 scrolls of identify {unknown}
 j - a scroll of enchant armour {unknown}
Potions
 d - a potion of might
 h - a potion of heal wounds {unknown}
 k - a potion of stabbing {unknown}
 l - a potion of curing {unknown}
Comestibles
 f - 6 rations
 g - 4 chunks of flesh


   Skills:
 - Level 3.6 Fighting
 + Level 7.0 Maces & Flails
 - Level 3.6 Armour
 - Level 3.6 Shields


You had 4 spell levels left.
You didn't know any spells.
Your spell library was empty.

Dungeon Overview and Level Annotations

Branches:
Dungeon (3/15)

Altars:
Ashenzari
Kikubaaqudgha

Annotations:
D:3 2 transporters, HoaS's ghost, amateur GrBe


Innate Abilities, Weirdness & Mutations

You reflexively headbutt those who attack you in melee.
You have a pair of horns on your head.


Message History

Found a green potion.
Some of the chunks of flesh in your inventory have rotted away.
You hit the orc but do no damage. The orc barely misses you.
You closely miss the orc. The orc barely misses you.
You barely miss the orc. The orc hits you but does no damage.
Your shield and scale mail prevent you from hitting the orc.
You block the orc's attack.
You closely miss the orc. You headbutt the orc!
You kill the orc!
You thump the orc!
You kill the orc!
The orc priest calls down the wrath of Beogh upon you.
Beogh smites you!
* * * LOW HITPOINT WARNING * * *
You hit the orc but do no damage. The orc barely misses you.
You barely miss the orc. You headbutt the orc!
You kill the orc!
The orc priest looks encouraged for a moment.
The orc priest hits you with a +0 hand axe.
You die...

##### >. ....# #.# #.#!#
#.# ....# #.# #...####
###.#. #......
#...#.###...#
###.#.#...#.#.## #
######.._..###.#@#..# .#
..)....#.#......o##.##.#
......))...............#
##########......###..#.#
#......# #..# #......#
##รท# #......# #.##
.o.....####.## #..#
######. ..# #..##


You could see an orc priest.

Vanquished Creatures
  2 vampire bats (D:2)
  3 gnolls (D:3)
  2 adders (D:2)
  A worm (D:3)
  A dart slug (D:1)
  3 orcs (D:3)
  6 bat skeletons (D:2)
  A bat zombie (D:2)
  2 giant cockroaches
  6 goblins
  7 hobgoblins
  4 jackals (D:1)
  8 kobolds
  A ball python (D:1)
  9 bats
  5 frilled lizards
  8 rats
69 creatures vanquished.

Notes
Turn   | Place    | Note
-------+----------+-------------------------------------------
     0 | D:1      | Edwards80 the Minotaur Fighter began the quest for the Orb.
     0 | D:1      | Reached XP level 1. HP: 19/19 MP: 0/0
    74 | D:1      | Reached skill level 3 in Maces & Flails
   268 | D:1      | Reached XP level 2. HP: 24/26 MP: 1/1
   464 | D:1      | Reached skill level 4 in Maces & Flails
   506 | D:1      | Reached XP level 3. HP: 31/31 MP: 2/2
  1122 | D:2      | Reached skill level 5 in Maces & Flails
  1290 | D:2      | Reached XP level 4. HP: 34/39 MP: 3/3
  1363 | D:2      | Found an ancient bone altar of Kikubaaqudgha.
  1374 | D:2      | Reached skill level 6 in Maces & Flails
  1375 | D:2      | Reached XP level 5. HP: 41/45 MP: 4/4
  1691 | D:2      | Found a faded altar of an unknown god.
  1921 | D:3      | Noticed HoaS's ghost (amateur GrBe)
  1921 | D:3      | Noticed an ogre
  1922 | D:3      | Found a transporter.
  1923 | D:3      | Noticed an ogre
  1926 | D:3      | Found a transporter.
  1996 | D:3      | Found a shattered altar of Ashenzari.
  2117 | D:3      | Reached skill level 7 in Maces & Flails
  2138 | D:3      | HP: 1/45 [orc priest/divine providence (11)]
  2141 | D:3      | Slain by an orc priest

Illustrated notes

Levels and vault maps discovered:
D:1:      dpeg_arrival_rhombus, layout_loops_ring, minmay_misc_feat_ornament
D:2:      layout_basic, kennysheep_vampire_church,
          nicolae_overflow_hidden_temple, chequers_ecumenical_altar_lobes
D:3:      layout_basic, gammafunk_ghost_smash, ashenzari_altar_1

Skill      XL: |  1  2  3  4  5 |
---------------+----------------+-----
Maces & Flails | 3 4 5 6 7 |  7.0
Fighting       | |  3.6
Armour         | |  3.6
Shields        | |  3.6

Action                   |  1- 3 |  4- 6 || total
-------------------------+-------+-------++-------
Melee: Flail             |   110 |    53 ||   163
       Headbutt          |    14 |     8 ||    22
  Eat: Chunk             |     1 |     1 ||     2
       Ration            |       |     1 ||     1
Armor: Scale mail        |    51 |    33 ||    84
Dodge: Dodged            |    36 |    18 ||    54
Block: Kite shield       |    59 |    37 ||    96
